 Dungeon Crawl Stone Soup version 0.27.1-3-gb3d3a73c9e (webtiles) character file.

Game seed: 15927996339148123110

2128 Turgor the Firebug (level 8, -2/57 HPs)
             Began as a Demigod Fire Elementalist on Oct 25, 2021.
             Shot with a sling bullet by Joseph (14 damage)
             ... on level 7 of the Dungeon.
             The game lasted 00:41:14 (6863 turns).

Turgor the Firebug (Demigod Fire Elementalist)      Turns: 6863, Time: 00:41:14

Health: -2/57      AC:  5    Str: 12    XL:     8   Next: 82%
Magic:  20/20      EV: 12    Int: 25    God:
Gold:   51         SH:  0    Dex: 16    Spells: 6/19 levels left

rFire    . . .     SeeInvis +   y - +11 hunting sling of the Howling Dove {flame, Str+3 Dex+2 Stlth-}
rCold    + . .     Faith    .   (no shield)
rNeg     . . .     Spirit   .   F - +1 robe {rC+}
rPois    .         Reflect  .   (no helmet)
rElec    .         Harm     .   l - +0 cloak
rCorr    .         Rampage  .   x - +0 pair of gloves
Will     +....                  (no boots)
Stlth    +.........             (no amulet)
HPRegen  0.19/turn              g - ring of willpower
MPRegen  0.17/turn              D - ring of see invisible

@: studying Throwing
A: high mp 1, forlorn
a: no special abilities


You were on level 7 of the Dungeon.
You visited 1 branch of the dungeon, and saw 7 of its levels.

You collected 229 gold pieces.
You spent 178 gold pieces at shops.

Inventory:

Hand Weapons
 e - a +0 dagger of venom
 m - a +1 short sword of speed
 r - a +0 hand axe of freezing
 u - a +0 hand axe of flaming
 y - the +11 hunting sling of the Howling Dove (weapon) {flame, Str+3 Dex+2 Stlth-}
   (You found it on level 6 of the Dungeon)

   Any ammunition fired from it burns those it strikes, dealing additional fire
   damage.
   Str:       It affects your strength (+3).
   Dex:       It affects your dexterity (+2).
   Stlth:     It makes you less stealthy.
Missiles
 b - 136 stones
 h - 13 poisoned darts
 j - a throwing net
 w - 4 curare-tipped darts (quivered)
 z - 81 sling bullets (quivered ammo)
 E - 2 atropa-tipped darts
Armour
 l - a +0 cloak (worn)
 n - a scarf of invisibility
 x - a +0 pair of gloves (worn)
 F - a +1 robe of cold resistance (worn)
Jewellery
 g - a ring of willpower (left hand)
 i - a +4 ring of protection
 B - a +6 ring of dexterity
 D - a ring of see invisible (right hand)
Wands
 s - a wand of charming (7)
 v - a wand of flame (12)
 A - a wand of polymorph (3)
Scrolls
 a - a scroll of acquirement {unknown}
 c - 2 scrolls of immolation
 f - a scroll of teleportation {unknown}
 t - a scroll of identify
Potions
 d - a potion of mutation
 k - 2 potions of ambrosia
 o - 4 potions of curing
 p - a potion of lignification {unknown}
 q - a potion of flight {unknown}
 C - a potion of magic {unknown}


   Skills:
 - Level 1.7 Dodging
 - Level 1.7 Stealth
 + Level 6.0 Spellcasting
 + Level 6.3 Conjurations
 + Level 6.9 Fire Magic


You had 6 spell levels left.
You knew the following spells:

 Your Spells              Type           Power      Damage    Failure   Level
a - Foxfire               Conj/Fire      100%       2x1d9     1%          1
b - Conjure Flame         Conj/Fire      40%        6-21      1%          3
c - Sticky Flame          Conj/Fire      40%        2d6       4%          4
d - Fireball              Conj/Fire      20%        3d10      14%         5

Your spell library contained the following spells:

 Spells                   Type           Power      Damage    Failure   Level
 Inner Flame              Hex/Fire       24%        N/A       5%          3


Dungeon Overview and Level Annotations

Branches:
Dungeon (7/15)
 Temple: D:4-7

Shops:
D:3 *   D:6 *

Annotations:
D:7 Joseph


Innate Abilities, Weirdness & Mutations

Your attributes grow dramatically as you level up.
You have an increased reservoir of magic. (+10% MP)
You shall have no god before yourself.


Message History

The sling bullet burns Joseph.
Joseph is moderately wounded.
Joseph shoots a sling bullet.
The sling bullet hits you!!
Aiming: Charm
Press: ? - help, Shift-Dir - straight line, f/p - Joseph
Aim: Joseph, wielding a +0 hunting sling, wearing a +0 ring mail and quivering sling bullets (moderately wounded, chance to affect: 28%)
Okay, then.
Unknown command.
Press: ? - help, v - describe, . - travel, g - get item
Here: Joseph, wielding a +0 hunting sling, wearing a +0 ring mail and quivering sling bullets (moderately wounded) Item here: a sling bullet.
The floor.
Unknown command.
Throw: 7 darts (curare)
Press: ? - help, Q - select action, (/) - cycle Shift-Dir - straight line, f/p - Joseph
Aim: Joseph, wielding a +0 hunting sling, wearing a +0 ring mail and quivering sling bullets (moderately wounded, 63% to hit)
You throw a curare-tipped dart.
The curare-tipped dart barely misses Joseph.
Joseph shoots a sling bullet.
The sling bullet hits you.
Throw: 6 darts (curare)
Press: ? - help, Q - select action, (/) - cycle Shift-Dir - straight line, f/p - Joseph
Aim: Joseph, wielding a +0 hunting sling, wearing a +0 ring mail and quivering sling bullets (moderately wounded, 63% to hit)
You throw a curare-tipped dart.
The curare-tipped dart barely misses Joseph.
Throw: 5 darts (curare)
Press: ? - help, Q - select action, (/) - cycle Shift-Dir - straight line, f/p - Joseph
Aim: Joseph, wielding a +0 hunting sling, wearing a +0 ring mail and quivering sling bullets (moderately wounded, 63% to hit)
You throw a curare-tipped dart.
The curare-tipped dart barely misses Joseph.
Joseph shoots a sling bullet.
The sling bullet hits you!
* * * LOW HITPOINT WARNING * * *
Joseph shoots a sling bullet.
The sling bullet barely misses you.
There is an open door here.
You close the door.
Joseph opens the door.
Joseph shoots a sling bullet.
The sling bullet closely misses you.
Things that are here:
a +0 flail; a +0 robe Joseph shoots a sling bullet.
The sling bullet hits you!
You die...

#...# ....@# #...#
....# #...# ...# #...#
..# #.###### #.#
#.###..#########'######
#............@.'......#
#........).....#......#
#'##.[@.##)...######.##
#.###'####....##..## #
#.#......#.....'...#
#.#......#.....#...#
#.'......#.....#...#
####..################
##..####..#######..#
+..................#
#..................#


You could see Joseph.

Vanquished Creatures
  2 water moccasins
  3 sky beasts
  An ice beast (D:5)
  An ogre (D:4)
  2 centaurs
  2 phantoms
  2 bullfrogs (D:6)
  A water moccasin zombie (D:4)
  A scorpion (D:5)
  2 water moccasin skeletons
  4 wights (D:7)
  A centaur zombie (D:6)
  An orc priest (D:5)
  3 jellies
  4 hounds
  An iguana (D:6)
  A killer bee zombie (D:6)
  3 hound zombies (D:4)
  11 adders
  7 gnolls
  A white imp (D:5)
  An adder zombie (D:4)
  2 worms (D:2)
  21 orcs
  5 endoplasms
  2 giant cockroaches
  6 hobgoblins
  3 jackals (D:2)
  5 kobolds
  A quokka (D:2)
  8 ball pythons
  6 bats
  4 frilled lizards
  11 goblins
  A jackal skeleton (D:4)
  5 rats
135 creatures vanquished.

Vanquished Creatures (others)
  392 foxfires
392 creatures vanquished.

Grand Total: 527 creatures vanquished

Notes
Turn   | Place    | Note
-------+----------+-------------------------------------------
     0 | D:1      | Turgor the Demigod Fire Elementalist began the quest for
                  | the Orb.
     0 | D:1      | Reached XP level 1. HP: 14/14 MP: 5/5
    79 | D:1      | Reached skill level 1 in Conjurations
   402 | D:1      | Reached XP level 2. HP: 20/20 MP: 5/7
  1209 | D:2      | Reached XP level 3. HP: 26/26 MP: 2/9
  1703 | D:2      | Reached XP level 4. HP: 33/33 MP: 7/10
  2233 | D:2      | Reached XP level 5. HP: 38/38 MP: 9/12
  2237 | D:2      | Learned a level 3 spell: Conjure Flame
  2500 | D:3      | Found Zin's Purification Station.
  2667 | D:3      | Noticed a water moccasin
  2678 | D:3      | Killed a water moccasin
  3206 | D:4      | Reached XP level 6. HP: 45/45 MP: 7/14
  3833 | D:4      | Learned a level 4 spell: Sticky Flame
  3839 | D:4      | Learned a level 5 spell: Fireball
  3857 | D:4      | Reached XP level 7. HP: 50/50 MP: 13/16
  3925 | D:4      | Reached skill level 5 in Fire Magic
  4015 | D:5      | Entered Level 5 of the Dungeon
  4723 | D:5      | Reached skill level 5 in Conjurations
  5007 | D:5      | Reached skill level 5 in Spellcasting
  5007 | D:5      | Reached XP level 8. HP: 57/57 MP: 14/19
  6004 | D:6      | Found Suafruun's Assorted Antiques.
  6041 | D:6      | Identified the +11 hunting sling of the Howling Dove
                  | {flame, Str+3 Dex+2 Stlth-}
  6579 | D:6      | Bought a lead wand for 72 gold pieces
  6579 | D:6      | Bought a shiny granite ring for 90 gold pieces
  6579 | D:6      | Bought a fuming puce potion for 16 gold pieces
  6653 | D:7      | Noticed a +0 falchion
  6653 | D:7      | Noticed a +0 spear
  6653 | D:7      | Noticed a +0 falchion
  6653 | D:7      | Noticed a +0 short sword
  6654 | D:7      | Noticed a +0 dagger
  6654 | D:7      | Noticed a +0 dagger
  6654 | D:7      | Noticed a +0 spear
  6654 | D:7      | Noticed a +0 short sword
  6844 | D:7      | Noticed Joseph
  6863 | D:7      | Shot with a sling bullet by Joseph

Illustrated notes

Levels and vault maps discovered:
D:1:      enne_arrival_octagon_isle, layout_loops_ring, grunt_decor_one_mirror,
          kennysheep_small_spiral, feat_on_display
D:2:      layout_basic, basic_altar, nrook_loot_triangle,
          minmay_increasing_density
D:3:      layout_rooms, lemuel_round_altar, zin_purify,
          minmay_misc_feat_nine_boxes, kennysheep_path_1
D:4:      layout_cave_pools, nicolae_yredelemnul_corpse_copse
D:5:      layout_gridville, nicolae_ashenzari_panopticon,
          chequers_serial_rivers_micro_c, kennysheep_doodads,
          kennysheep_generic_room_13
D:6:      layout_basic, serial_shops, shop, st_stairs_7
D:7:      layout_gridville, nicolae_qazlal_scattered_showers,
          nicolae_uskayaw_en_pointe, okawaru_gym_becter,
          lemuel_temple_firewalk_b, kennysheep_generic_room_8, uniq_joseph,
          uniq_duvessa

Skill      XL: |  1  2  3  4  5  6  7  8 |
---------------+-------------------------+-----
Conjurations   | 1 2 3 4 5 6 |  6.3
Spellcasting   | 2 3 4 5 6 |  6.0
Fire Magic     | 3 4 5 6 |  6.9
Dodging        | |  1.7
Stealth        | |  1.7

Action                   |  1- 3 |  4- 6 |  7- 9 || total
-------------------------+-------+-------+-------++-------
Melee: Unarmed           |     2 |       |       ||     2
       Dagger            |    24 |    24 |    54 ||   102
 Fire: Hunting sling     |       |       |    23 ||    23
Throw: Dart              |       |       |     6 ||     6
 Cast: Foxfire           |    51 |    93 |    81 ||   225
       Sticky Flame      |       |       |     8 ||     8
       Conjure Flame     |       |       |     6 ||     6
Evoke: Wand              |       |       |     1 ||     1
  Use: Scroll            |       |     4 |       ||     4
 Stab: Sleeping          |     1 |     2 |     2 ||     5
Armor: Robe              |     4 |    14 |    32 ||    50
Dodge: Dodged            |    13 |    26 |    69 ||   108
